 Dungeon Crawl Stone Soup version 0.29.1-12-g30fa7ad0bf (webtiles) character file.

Game seed: 14712557967315781776

1748 EarthwalkerPL the Covered (level 9, -8/72 HPs)
             Began as a Formicid Fighter on Jan 15, 2023.
             Was an Initiate of Okawaru.
             Killed from afar by a gargoyle (23 damage)
             ... with a stone arrow
             ... on level 6 of the Dungeon.
             The game lasted 00:09:12 (6632 turns).

EarthwalkerPL the Covered (Formicid Fighter)        Turns: 6632, Time: 00:09:12

Health: -8/72      AC: 14    Str: 24    XL:     9   Next: 26%
Magic:  9/9        EV:  6    Int:  7    God:    Okawaru [......]
Gold:   443        SH:  6    Dex: 15    Spells: 8/8 levels left

rFire   . . .      SeeInvis +   a - +0 war axe
rCold   . . .      Faith    .   c - +0 buckler
rNeg    . . .      Spirit   .   n - +0 plate armour
rPois   +          Reflect  .   (helmet unavailable)
rElec   .          Harm     .   f - +0 cloak
rCorr   .          Rampage  .   (no gloves)
Will    .....                   (no boots)
Stlth   ..........              (no amulet)
HPRegen 0.22/turn               h - ring of poison resistance
MPRegen 0.11/turn               (no ring)

@: no status effects
A: permanent stasis, dig shafts and tunnels, antennae 3, four strong arms
a: Dig, Shaft Self, Renounce Religion


You were on level 6 of the Dungeon.
You worshipped Okawaru.
Okawaru was noncommittal.
You visited 2 branches of the dungeon, and saw 8 of its levels.

You collected 443 gold pieces.

Inventory:

Hand Weapons
 a - a +0 war axe (weapon)
Missiles
 o - 4 javelins (quivered)
 D - 3 boomerangs
 G - 6 poisoned darts
 J - 4 boomerangs of dispersal
Armour
 b - a +0 scale mail
 c - a +0 buckler (worn)
 f - a +0 cloak (worn)
 n - a +0 plate armour (worn)
 s - the +0 ring mail "Qaseuw" {Fly rPois rCorr Int-5}
   (You found it on level 3 of the Dungeon)

   Int:       It affects your intelligence (-5).
   rPois:     It protects you from poison.
   Fly:       It grants you flight.
   rCorr:     It protects you from acid and corrosion.
Jewellery
 h - a ring of poison resistance (left hand)
Wands
 p - a wand of roots (10)
Scrolls
 g - 2 scrolls of amnesia {unknown}
 i - 4 scrolls of poison {unknown}
 j - 2 scrolls of blinking {unknown}
 l - 3 scrolls of enchant armour {unknown}
 m - 5 scrolls of identify {unknown}
 r - 2 scrolls of fear {unknown}
 u - 3 scrolls of magic mapping {unknown}
 v - a scroll of torment {unknown}
 w - 2 scrolls of vulnerability {unknown}
 x - a scroll of enchant weapon {unknown}
 y - a scroll of teleportation {unknown}
 z - a scroll of acquirement {unknown}
 A - a scroll of fog {unknown}
 E - a scroll of silence {unknown}
 F - a scroll of noise {unknown}
 I - a scroll of immolation {unknown}
Potions
 d - 2 potions of might
 e - 3 potions of flight {unknown}
 k - 2 potions of curing {unknown}
 q - 3 potions of lignification {unknown}
 t - 2 potions of resistance {unknown}
 B - a potion of mutation {unknown}
 C - a potion of berserk rage {unknown}
 H - 2 potions of brilliance {unknown}


   Skills:
 * Level 7.3 Fighting
 * Level 6.2 Axes
 * Level 7.5 Armour
 + Level 6.9 Shields


You had 8 spell levels left.
You didn't know any spells.
Your spell library contained the following spells:

 Spells                   Type           Power      Damage    Failure   Level
 Dazzling Flash           Conj/Hex       0%         N/A       100%        3
 Gell's Gravitas          Tloc           0%         N/A       100%        3
 Ozocubu's Armour         Ice            0%         N/A       100%        3
 Teleport Other           Tloc           0%         N/A       100%        3
 Iskenderun's Mystic Bla  Conj/Tloc      0%         2d3       100%        4
 Manifold Assault         Tloc           0%         N/A       100%        5
 Metabolic Englaciation   Hex/Ice        0%         N/A       100%        5
 Dispersal                Tloc           0%         N/A       100%        6
 Starburst                Conj/Fire      0%         6d3       100%        6
 Storm Form               Tmut/Air       0%         N/A       100%        7
 Blink                    Tloc           Unusable   N/A       N/A         2
 Simulacrum               Ice/Necr       Unusable   N/A       N/A         6

Dungeon Overview and Level Annotations

Branches:
Dungeon (7/15)             Temple (1/1) D:6

Altars:
Ashenzari
Cheibriados
Dithmenos
Fedhas
Hepliaklqana
Kikubaaqudgha
Makhleb
Nemelex Xobeh
Okawaru
Ru
Sif Muna
Uskayaw
Vehumet
Wu Jian
Yredelemnul
Zin
The Shining One

Shops:
D:5 :


Innate Abilities, Weirdness & Mutations

You cannot be hasted, slowed, berserked, paralysed or teleported.
You can dig through walls and to a lower floor.
You have a pair of large antennae on your head. (SInv)
Your four strong arms can wield two-handed weapons with a shield.


Message History

You hit the gargoyle but do no damage.
The gargoyle is heavily damaged.
The gargoyle hurls a stone arrow at you.
You block the stone arrow.
You hit the gargoyle but do no damage.
The gargoyle is heavily damaged.
The gargoyle hits you with a +0 mace. The gargoyle hits you with a +0 mace!
You climb upwards.
There is a stone staircase leading down here.
You barely miss the gargoyle.
The gargoyle is heavily damaged.
The gargoyle hits you with a +0 mace!
You hit the gargoyle but do no damage.
The gargoyle is heavily damaged.
The gargoyle hurls a stone arrow at you.
You block the stone arrow.
You barely miss the gargoyle.
The gargoyle is heavily damaged.
The gargoyle hits you with a +0 mace. You block the gargoyle's attack.
You hit the gargoyle but do no damage.
The gargoyle is heavily damaged.
The gargoyle hurls a stone arrow at you.
The stone arrow hits you!
You are too injured to fight recklessly!
You closely miss the gargoyle.
The gargoyle is heavily damaged.
The gargoyle closely misses you.
You hit the gargoyle.
The gargoyle is severely damaged.
The gargoyle hits you with a +0 mace!
You barely miss the gargoyle.
The gargoyle is heavily damaged.
You block the gargoyle's attack. The gargoyle hits you with a +0 mace!
* * * LOW HITPOINT WARNING * * *
You slash the gargoyle!
The gargoyle is almost destroyed.
The gargoyle hurls a stone arrow at you.
The stone arrow hits you!!
You die...

.##..#.........................#
.....#.........................#
.....#.........................#
.....#.........................#
.....#.........)#'######'##....##
.....#..........#.........#......
.....#..........#.........#......
.....'..........######....#......
###..#..........@....#....#......
.##..#..........9....#....#####..
..#..#...............#........#..
.##..#...............#........#..
.###+#...............'........#..
###..#...............#..#######..
..#..#....###'###....#..#########
..#..#....#.....+....#......#....
..#..#....'.....#....#......#....


You could see a gargoyle.

Vanquished Creatures
  Sigmund (D:2)
  A shadow (D:6)
  An acid dragon (D:6)
  3 ogres
  3 scorpions
  A necrophage (D:4)
  A water moccasin zombie (D:5)
  A bullfrog zombie (D:5)
  A centaur zombie (D:5)
  3 hounds
  2 jellies (D:6)
  An orc priest (D:5)
  4 iguanas
  4 orc wizards
  A scorpion zombie (D:5)
  Natasha (thrice) (D:2)
  A hound zombie (D:5)
  8 adders
  3 gnolls (D:6)
  A white imp (D:6)
  An ufetubus (D:5)
  An adder zombie (D:5)
  A worm (D:3)
  A dart slug (D:3)
  20 orcs
  4 endoplasms
  5 giant cockroaches
  8 goblins
  7 hobgoblins
  A jackal (D:3)
  5 kobolds
  7 quokkas
  2 ball pythons
  4 bats
  7 frilled lizards
  11 rats
129 creatures vanquished.

Notes
Turn   | Place    | Note
-------+----------+-------------------------------------------
     0 | D:1      | EarthwalkerPL the Formicid Fighter began the quest for the
                  | Orb.
     0 | D:1      | Reached XP level 1. HP: 18/18 MP: 1/1
   162 | D:1      | Reached XP level 2. HP: 20/24 MP: 2/2
   466 | D:1      | Found a faded altar of an unknown god.
  1125 | D:2      | Reached XP level 3. HP: 29/29 MP: 3/3
  1349 | D:2      | Noticed Natasha
  1357 | D:2      | Killed Natasha
  1358 | D:2      | Reached XP level 4. HP: 36/37 MP: 4/4
  1615 | D:2      | Noticed Natasha
  1622 | D:2      | Killed Natasha
  1894 | D:2      | Noticed Sigmund
  1905 | D:2      | Killed Sigmund
  1906 | D:2      | Reached XP level 5. HP: 19/43 MP: 5/5
  1906 | D:2      | Reached XP level 6. HP: 22/49 MP: 6/6
  2142 | D:2      | Noticed Natasha
  2149 | D:2      | Killed Natasha
  2150 | D:2      | Reached skill level 5 in Shields
  2510 | D:3      | Identified the +0 ring mail "Qaseuw" {Fly rPois rCorr
                  | Int-5}
  2680 | D:3      | Reached skill level 5 in Armour
  3048 | D:4      | Reached skill level 5 in Fighting
  3161 | D:4      | Reached XP level 7. HP: 56/56 MP: 7/7
  3891 | D:5      | Entered Level 5 of the Dungeon
  4039 | D:5      | Reached XP level 8. HP: 40/64 MP: 8/8
  4436 | D:5      | Found Cesufop's Book Emporium.
  4585 | D:5      | Reached skill level 5 in Axes
  5034 | D:5      | Found a basalt altar of Yredelemnul.
  5333 | D:6      | Noticed a shadow
  5671 | D:6      | Killed a shadow
  5672 | D:6      | Reached XP level 9. HP: 72/72 MP: 9/9
  6390 | D:6      | Found a staircase to the Ecumenical Temple.
  6395 | Temple   | Entered the Ecumenical Temple
  6505 | Temple   | Became a worshipper of Warmaster Okawaru
  6595 | D:7      | Noticed a gargoyle
  6632 | D:6      | Killed from afar by a gargoyle

Illustrated notes

Levels and vault maps discovered:
D:1:      nzn_arrival_water_spiral, layout_loops_ring,
          shapermc_ecumenical_altar_notcrosses, serial_forest,
          infiniplex_forest_end_double, infiniplex_forest_clump_large,
          infiniplex_forest_lined_2, infiniplex_forest_lined_2,
          infiniplex_forest_end_3, infiniplex_forest_lined_corner,
          infiniplex_forest_clump_cross
D:2:      layout_basic, wander_ebering_terrifying_dragon_lair, uniq_natasha,
          uniq_sigmund
D:3:      layout_rooms, serial_forest, infiniplex_forest_lined_3,
          infiniplex_forest_lined_2, infiniplex_forest_clump_C,
          infiniplex_forest_straight_2, infiniplex_forest_end_1,
          infiniplex_forest_lined_room_, infiniplex_forest_clump_C,
          infiniplex_forest_lined_4_way, infiniplex_forest_clump_long,
          st_stairs_2, hangedman_abyss_or_decor_lesser_grid, minmay_vboxes
D:4:      layout_rooms
D:5:      layout_basic, nicolae_yredelemnul_corpse_copse, serial_shops, shop,
          st_stairs_1
D:6:      layout_gridville, minmay_temple_entry_nine_rooms
D:7:      layout_loops_ring, nicolae_elyvilon_peaceful_grove,
          lemuel_round_altar, corexii_corridor_pit
Temple:   nicolae_temple_superstar

Skill      XL: |  1  2  3  4  5  6  7  8  9 |
---------------+----------------------------+-----
Armour         | 4 5 7 |  7.5
Fighting       | 4 5 7 |  7.3
Axes           | 3 4 5 6 |  6.2
Shields        | 5 6 |  6.9

Action                   |  1- 3 |  4- 6 |  7- 9 || total
-------------------------+-------+-------+-------++-------
Melee: War axe           |    85 |    85 |   262 ||   432
Throw: Javelin           |       |       |     7 ||     7
       Boomerang         |       |       |     1 ||     1
Armor: Scale mail        |    35 |     5 |       ||    40
       Plate armour      |       |    44 |   171 ||   215
Dodge: Dodged            |    40 |    23 |    70 ||   133
Block: Buckler           |    24 |    18 |    84 ||   126
